Map: Disco Bloodbath LE

Players

IlIlIlIlIlIl

  • Race: Zerg Zerg
  • League: Master
  • Spawn Location: 9:00

Mez - Winner!

  • Race: Terran Terran
  • League: Master
  • Spawn Location: 3:00

VOD

Have the link to the VOD?

Description

Time

  • Played on: Sept. 3, 2019, 10:57 a.m.
  • Length: 18:35
Show
View Real Time Build Order
Export as new Build Order

IlIlIlIlIlIl Zerg 

Build Orders: Hatch First 

Get SALT Encoding   

  12  0:01  Drone  
  13  0:13  Overlord  
  13  0:20  Drone  
  14  0:35  Drone x2  
  16  0:37  Drone  
  17  0:56  Hatchery, Drone  
  17  0:59  Drone  
  18  1:10  Extractor  
  17  1:15  Spawning Pool  
  17  1:18  Drone  
  17  1:21  Drone  
  18  1:29  Drone  
  19  1:41  Overlord  
  19  1:51  Drone  
  20  2:01  Queen  
  20  2:02  Zergling x2  
  20  2:07  Queen  
  26  2:08  Zergling x2  
  26  2:12  Drone  
  27  2:18  Drone  
  28  2:30  Roach Warren  
  27  2:43  Drone  
  27  2:44  Drone x3  
  31  2:53  Pneumatized Carapace, Queen  
  31  2:54  Drone x2  
  35  2:59  Overlord  
  35  3:02  Overlord  
  35  3:06  Drone  
  35  3:09  Extractor  
  35  3:16  Metabolic Boost  
  35  3:18  Roach  
  35  3:19  Roach  
  39  3:30  Drone x3  
  42  3:36  Lair  
  42  3:42  Drone  
  42  3:43  Drone x2  
  42  3:46  Extractor  
  44  4:03  Drone x3  
  44  4:05  Overlord, Hatchery  
  46  4:13  Drone  
  46  4:14  Drone x5  
  52  4:20  Baneling Nest  
  52  4:21  Evolution Chamber  
  50  4:27  Drone x3  
  53  4:39  Drone x2  
  53  4:43  Extractor  
  53  4:44  Overlord x2  
  55  4:45  Drone  
  55  4:46  Evolution Chamber, Drone  
  54  4:58  Zergling x2, Roach x2  
  59  5:00  Overlord x2  
  59  5:03  Zerg Melee Weapons Level 1  
  59  5:07  Drone  
  60  5:24  Drone x8  
  68  5:33  Zergling x4  
  68  5:35  Zerg Ground Armor Level 1  
  70  5:40  Centrifical Hooks  
  70  5:42  Zergling x6  
  73  5:45  Zergling x4  
  73  5:47  Overseer  
  73  5:48  Overseer  
  75  5:56  Queen  
  75  6:00  Zergling x4  
  75  6:01  Zergling x8  
  83  6:16  Zergling x8  
  83  6:17  Zergling x4  
  89  6:18  Baneling x3  
  89  6:19  Baneling x10  
  89  6:20  Baneling x4  
  89  6:34  Zergling x10  
  94  6:45  Zergling x4  
  94  6:46  Zergling x2  
  97  6:55  Overlord  
  97  6:56  Overlord x2  
  97  7:00  Hatchery  
  92  7:15  Drone  
  92  7:16  Drone  
  92  7:22  Spore Crawler  
  88  7:35  Drone x5  
  88  7:36  Drone  
  88  7:37  Drone  
  88  7:38  Drone  
  88  7:39  Drone  
  88  7:41  Extractor, Drone x3  
  92  7:45  Drone x3  
  92  7:46  Drone  
  96  7:57  Drone x2  
  98  7:58  Drone x2  
  98  8:01  Zerg Melee Weapons Level 2  
  98  8:03  Infestation Pit  
  98  8:04  Zerg Ground Armor Level 2  
  99  8:09  Drone  
  99  8:10  Drone  
  99  8:12  Drone x3  
  104  8:14  Queen, Extractor  
  104  8:19  Queen  
  107  8:20  Drone x4  
  111  8:40  Zergling x20  
  111  8:41  Zergling x4  
  113  8:42  Queen  
  104  9:07  Spore Crawler  
  104  9:08  Spore Crawler  
  104  9:09  Spore Crawler  
  101  9:10  Pathogen Glands  
  101  9:12  Zergling x2  
  101  9:13  Zergling x18  
  101  9:14  Zergling x12  
  101  9:16  Baneling  
  101  9:17  Baneling x25  
  117  9:18  Baneling  
  117  9:25  Hive  
  117  9:38  Drone x2  
  119  9:40  Spore Crawler  
  119  9:41  Spore Crawler  
  117  10:02  Zergling x10  
  117  10:03  Zergling x8  
  117  10:04  Overlord x6  
  117  10:06  Neural Parasite  
  126  10:09  Drone  
  126  10:11  Spire  
  117  10:37  Drone x4  
  117  10:38  Drone x4  
  125  10:45  Adrenal Glands, Ultralisk Cavern  
  125  10:46  Zerg Melee Weapons Level 3  
  125  10:47  Zerg Ground Armor Level 3  
  125  10:48  Zergling x8  
  125  10:49  Zergling x12  
  134  11:02  Extractor  
  132  11:05  Hatchery  
  130  11:12  Drone x5  
  130  11:13  Drone  
  130  11:15  Drone x2  
  130  11:17  Extractor  
  138  11:18  Extractor, Drone x3  
  139  11:25  Greater Spire  
  133  12:03  Zergling x2  
  133  12:04  Zergling x34  
  133  12:05  Zergling x12  
  144  12:12  Baneling x4  
  144  12:13  Baneling x13  
  140  12:16  Queen  
  140  12:19  Ultralisk x2  
  140  12:20  Ultralisk  
  134  12:23  Drone x6  
  134  12:25  Chitinous Plating  
  134  12:27  Infestor x3  
  134  12:41  Ultralisk  
  134  12:43  Infestor x3  
  146  12:47  Burrow  
  146  12:56  Ultralisk  
  143  13:08  Zergling x14  
  143  13:09  Zergling x6  
  154  13:27  Drone x3  
  154  13:28  Drone x2  
  154  13:29  Drone x2  
  154  13:30  Drone x4  
  163  13:44  Anabolic Synthesis  
  138  14:06  Infestor x6  
  120  14:10  Zergling x2  
  120  14:11  Zergling x30  
  120  14:12  Zergling x2  
  129  14:17  Ultralisk x3  
  146  14:35  Baneling  
  146  14:36  Baneling x8  
  146  14:37  Zergling x12  
  152  14:42  Hatchery  
  152  14:44  Baneling x2  
  152  14:45  Baneling x5  
  151  14:46  Corruptor, Hatchery  
  152  14:57  Ultralisk  
  158  15:11  Corruptor x5  
  168  15:27  Zergling x2  
  168  15:28  Zergling x18  
  167  15:29  Zergling x4  
  172  15:40  Corruptor x2  
  176  15:53  Overlord x4  
  176  15:58  Extractor  
  175  16:05  Zerg Flyer Weapons Level 1  
  175  16:25  Corruptor x5  
  177  16:28  Brood Lord x7  
  156  16:51  Corruptor x2  
  156  16:52  Zergling x2, Corruptor  
  156  16:53  Zergling x26  
  129  17:03  Extractor  
  129  17:07  Corruptor  
  129  17:08  Zergling x2  
  131  17:15  Baneling x3  
  122  17:16  Zergling x2  
  122  17:18  Hatchery  
  122  17:20  Corruptor  
  123  17:30  Zergling x4, Corruptor  
  123  17:31  Zergling x4  
  101  17:51  Corruptor x5  
  99  17:52  Zergling x4  
  89  18:12  Hydralisk Den  
  88  18:14  Zergling x4  
  88  18:15  Zergling x18  
  99  18:21  Spore Crawler  
Show
View Real Time Build Order
Export as new Build Order

Mez Terran - Winner!

Build Orders: Liberator Opening, Reaper Expand 

Get SALT Encoding   

  12  0:00  SCV  
  13  0:13  SCV  
  14  0:17  Supply Depot  
  14  0:25  SCV  
  15  0:39  SCV  
  15  0:40  Barracks  
  16  0:43  Refinery  
  16  0:51  SCV  
  17  1:03  SCV  
  18  1:15  SCV  
  19  1:28  Orbital Command, Reaper  
  20  1:38  Command Center  
  20  1:47  Supply Depot  
  20  1:54  SCV  
  20  2:00  Marine  
  22  2:09  SCV  
  22  2:10  Factory  
  22  2:15  Refinery  
  23  2:21  SCV, Barracks Reactor  
  24  2:45  SCV  
  25  2:51  Orbital Command  
  25  3:02  Starport  
  25  3:04  SCV, Barracks Tech Lab  
  28  3:06  Hellion x2  
  30  3:16  SCV  
  30  3:17  SCV  
  32  3:23  Supply Depot  
  32  3:24  Liberator  
  33  3:36  SCV x2  
  36  3:42  Marine x2  
  36  3:46  Siege Tank  
  41  3:49  Supply Depot  
  41  3:52  Bunker, SCV  
  41  3:53  SCV  
  42  3:58  Supply Depot  
  42  3:59  Bunker  
  42  4:02  Marine x2  
  44  4:15  SCV x2  
  46  4:23  Command Center  
  46  4:27  SCV x2  
  48  4:39  SCV x2  
  48  4:40  Starport Reactor  
  50  4:47  Marine, Stimpack  
  50  4:49  Factory Tech Lab, Barracks x2  
  49  4:56  SCV x2  
  51  5:05  Marine  
  51  5:07  Engineering Bay x2  
  52  5:08  SCV x2  
  52  5:18  Siege Tank  
  52  5:20  Refinery  
  55  5:21  Medivac x2  
  55  5:28  SCV x2  
  61  5:38  Refinery  
  61  5:39  Orbital Command  
  61  5:40  SCV  
  62  5:45  Marine x2, Terran Infantry Weapons Level 1  
  62  5:46  Marine  
  62  5:49  SCV  
  66  5:52  SCV  
  66  5:56  Supply Depot  
  67  5:59  Starport Reactor  
  67  6:03  Marine  
  68  6:05  Orbital Command  
  68  6:14  SCV x2  
  70  6:21  Marine x2  
  70  6:22  Marine x3  
  70  6:24  Terran Infantry Armor Level 1  
  75  6:26  SCV  
  75  6:27  SCV, Combat Shield  
  75  6:29  Barracks  
  75  6:30  Barracks  
  77  6:37  SCV  
  77  6:38  SCV  
  77  6:39  Marine x2, SCV  
  82  6:43  Supply Depot  
  82  6:48  Marine x3  
  82  6:49  SCV  
  82  6:50  Siege Tank, SCV  
  82  6:52  Medivac  
  82  6:53  SCV  
  93  7:00  Supply Depot  
  93  7:04  Marine x2, SCV x2, Medivac  
  93  7:05  SCV  
  93  7:06  Marine  
  101  7:21  Marine x2, SCV  
  101  7:22  Marine x2  
  106  7:23  Marine  
  106  7:24  Barracks Reactor  
  106  7:25  Barracks Reactor  
  100  7:35  Siege Tank  
  100  7:36  Medivac x2  
  90  7:39  Marine x2  
  90  7:40  Marine  
  90  7:41  Command Center, Supply Depot  
  90  7:44  Marine x2  
  93  7:45  Supply Depot  
  95  7:56  SCV x2  
  95  7:57  Marine x2  
  95  7:58  Marine  
  100  7:59  Refinery  
  100  8:01  Refinery  
  100  8:02  Marine  
  100  8:03  SCV  
  102  8:07  Siege Tank  
  102  8:08  SCV x2, Supply Depot  
  102  8:09  Supply Depot  
  102  8:11  Marine x5  
  112  8:14  Marine  
  112  8:15  SCV, Supply Depot  
  112  8:16  Armory  
  112  8:19  Marine x3  
  117  8:29  Marine  
  118  8:41  Marine x2  
  118  8:42  Marine x6  
  118  8:43  Siege Tank  
  118  8:47  Marine  
  126  8:53  Medivac x2  
  125  8:57  Factory  
  125  8:59  Marine x7  
  125  9:00  Marine  
  133  9:05  Terran Infantry Armor Level 2, Terran Infantry Weapons Level 2  
  133  9:06  Barracks  
  133  9:07  SCV, Barracks  
  133  9:08  SCV  
  135  9:13  Barracks  
  135  9:19  Supply Depot  
  135  9:20  Supply Depot  
  135  9:21  Supply Depot  
  135  9:23  Marine  
  135  9:24  Marine x6  
  142  9:35  Marine  
  142  9:36  Marine  
  144  9:41  Marine  
  144  9:42  Marine x2, Factory Tech Lab, Siege Tank  
  150  9:54  Planetary Fortress  
  150  9:58  Marine x5, Marauder, Barracks Tech Lab x2  
  157  10:03  Terran Ship Weapons Level 1  
  157  10:18  Marine, Siege Tank x2  
  157  10:19  Marine x2, Marauder  
  165  10:26  Marine x3  
  165  10:27  Marauder x2, Barracks Tech Lab  
  159  10:30  SCV x2  
  161  10:41  Marine x3, Marauder  
  166  10:48  Marauder  
  166  10:49  Marauder  
  167  11:10  Marine x7, Siege Tank x2  
  183  11:11  Marauder x4  
  187  11:23  Marine  
  188  11:28  Command Center  
  188  11:42  Marauder x3  
  188  11:43  Marine, Marauder  
  188  11:47  Marine x5  
  183  12:04  Marauder x2  
  185  12:08  Marine, Marauder  
  185  12:09  Marauder  
  185  12:11  Terran Infantry Armor Level 3, Terran Infantry Weapons Level 3  
  185  12:12  Supply Depot  
  188  12:16  Refinery  
  188  12:17  Refinery  
  188  12:23  Marine  
  188  12:24  Marine x3  
  188  12:25  Marine  
  188  12:26  Marine  
  188  12:27  Marine  
  188  12:29  Marine x2  
  188  12:30  Marine  
  188  12:33  Marine  
  188  12:34  Siege Tank x2  
  188  12:35  Marauder  
  195  12:42  Marine  
  195  12:44  Marauder  
  198  12:47  Marine  
  199  12:57  Medivac x2  
  200  13:11  Starport  
  200  13:12  Starport  
  200  13:13  Fusion Core  
  200  13:18  Planetary Fortress  
  200  13:42  Liberator  
  200  13:43  Liberator  
  200  13:44  Refinery  
  190  13:48  Refinery  
  127  14:10  Marauder  
  127  14:11  Marauder  
  127  14:16  Starport Reactor  
  114  14:18  Marine x8, Marauder x2  
  114  14:19  Siege Tank x2  
  114  14:21  Starport Tech Lab  
  132  14:25  Liberator x2  
  132  14:31  Marine  
  132  14:32  Marauder  
  132  14:35  Marine  
  132  14:36  Marine  
  135  14:39  Marauder x2  
  135  14:40  Sensor Tower  
  135  14:41  SCV x4  
  149  14:49  Command Center  
  149  14:51  Siege Tank x2  
  155  15:01  Marine x5, Marauder x2  
  155  15:02  Sensor Tower  
  155  15:03  Liberator x3  
  164  15:08  Liberator x2  
  173  15:23  Siege Tank x2  
  173  15:24  Advanced Ballistics  
  180  15:33  Marine x2, Marauder  
  180  15:34  Marauder x2  
  185  15:45  Liberator  
  174  15:51  Liberator  
  174  15:55  Siege Tank  
  177  15:58  Neosteel Armor, Ghost Academy, Hi-Sec Auto Tracking  
  177  16:04  Marine x9, Siege Tank  
  193  16:21  Liberator x3  
  193  16:27  Siege Tank  
  200  16:46  Cyclone  
  159  16:56  Marine x7  
  159  16:57  Marauder x2  
  159  16:59  Siege Tank  
  173  17:18  Siege Tank  
  180  17:24  Viking x3  
  182  17:31  Marine x5  
  182  17:32  Marine x2, Marauder x4  
  185  17:43  Marine  
  160  17:45  Viking x2  
  160  17:48  Marine  
  160  17:49  Marine x2  
  167  17:53  Marauder x3  
  173  18:00  Command Center  
  167  18:10  Marine x9  
  176  18:14  Marine x3  
Tags
 
Add a new tag
Caveats
  • Supply blocks, unpowered buildings, or Contaminate may cause inaccurate times.
  • Supply counts are checked every 10 seconds.